 Dungeon Crawl Stone Soup version 0.26-a0-835-g8259106e14 (webtiles) character file.

Game seed: 17634361623544323047

224 sahdkjhfkaj the Purveyor of Pain (level 5, 20/28 HPs)
             Began as a Vampire Necromancer on Nov 18, 2020.
             Was an Initiate of Kikubaaqudgha.
             Quit the game on level 3 of the Dungeon.
             The game lasted 00:08:15 (3607 turns).

sahdkjhfkaj the Purveyor of Pain (VpNe)             Turns: 3607, Time: 00:08:15

Health: 20/28      AC:  3    Str:  7    XL:     5   Next: 67%
Magic:  9/10       EV: 12    Int: 19    God:    Kikubaaqudgha [......]
Gold:   119        SH:  0    Dex: 14    Spells: 6/10 levels left

rFire    . . .     SeeInvis +   (no weapon)
rCold    . . .     Faith    .   (no shield)
rNeg     . . .     Spirit   .   a - +0 robe
rPois    .         Reflect  .   (no helmet)
rElec    .         Harm     .   g - +0 cloak
rCorr    .         Rampage  .   (no gloves)
MR       .....                  (no boots)
Stlth    ++........             (no amulet)
HPRegen  0.29/turn              (no ring)
MPRegen  0.12/turn              (no ring)

@: regenerating quickly
A: fangs 3, see invisible, [frail 2], unbreathing
a: Exsanguinate, Renounce Religion


You were on level 3 of the Dungeon.
You worshipped Kikubaaqudgha.
Kikubaaqudgha was noncommittal.
You visited 1 branch of the dungeon, and saw 4 of its levels.

You collected 119 gold pieces.

Inventory:

Armour
 a - a +0 robe (worn)
 g - a +0 cloak (worn)
Scrolls
 b - a scroll of blinking {!r}
 c - 2 scrolls of fog {!r}
 d - a scroll of enchant armour {!r}
 e - a scroll of amnesia {!r}
 f - a scroll of remove curse {!r}
 i - a scroll of enchant weapon {!r}
 j - a scroll of magic mapping {!r, unknown}
Potions
 h - 3 potions of heal wounds {!q, unknown}
 k - 2 potions of brilliance {!q}
 l - a potion of flight {!q, unknown}
 m - a potion of degeneration {!q, unknown}


   Skills:
 + Level 0.5 Fighting
 - Level 2.1 Dodging
 - Level 3.0 Stealth
 + Level 0.7 Unarmed Combat
 - Level 3.3 Spellcasting
 - Level 6.7 Necromancy


You had 6 spell levels left.
You knew the following spells:

 Your Spells              Type           Power        Failure   Level
a - Pain                  Necr           ####         1%          1
c - Vampiric Draining     Necr           ####......   2%          3

Your spell library contained the following spells:

 Spells                   Type           Power        Failure   Level
 Animate Skeleton         Necr           ####..       1%          1
 Animate Dead             Necr           ####......   10%         4
 Agony                    Necr           ####....     26%         5


Dungeon Overview and Level Annotations

Branches:
Dungeon (4/15)
 Temple: D:4-7

Altars:
Fedhas
Kikubaaqudgha
Xom


Innate Abilities, Weirdness & Mutations

Your natural rate of healing is unusually fast.
You have razor-sharp teeth.
You have supernaturally acute eyesight. (SInv)
You can survive without breathing.
[You are very frail. (-20% HP)]


Message History

There is a stone staircase leading up here.
There are monsters nearby!
There are monsters nearby!
There are monsters nearby!
Casting: Pain (safe; 1% risk of failure)
Confirm with . or Enter, or press ? or * to list all spells.
Aiming: Pain (safe; 1% risk of failure)
Press: ? - help, Shift-Dir - straight line, f - orc
Aim: an orc, wielding a +0 club (chance to defeat MR: 93%)
The orc writhes in agony.
The orc hits you with a +0 club!
Unknown command.
The orc wizard hits you but does no damage.
You climb upwards.
There is a stone staircase leading down here.
Unknown command.
Saving game... please wait.
Welcome back, sahdkjhfkaj the Vampire Necromancer.
Kikubaaqudgha says: Spread unending torment and darkness!
Press ? for a list of commands and other information.
Are you sure you want to abandon this character and quit the game? (Confirm with "yes".)

####..#.#.####.#
##.#. ##.#...#....#
#.#. #.#..##.####
#... #.#.....# ####
#.#.######## #.
#...##)....# #.
##..##.###.###### #.
#oo##.# #.##...# #.
##@##.###.##.#.###.
###'##...#....#.....
#........###########
#...................
#...(...###########.
#.............# #.
#.......#####.#####†
#.......# #.......
#.......# ########


You could see an orc wizard and an orc.

Vanquished Creatures
  Jessica (D:2)
  2 orc wizards (D:3)
  A gnoll (D:2)
  5 adders
  2 oozes
  A worm (D:2)
  A dart slug (D:3)
  8 orcs (D:3)
  2 ball pythons (D:3)
  A giant cockroach (D:2)
  6 goblins
  7 hobgoblins
  9 jackals
  10 kobolds
  6 bats
  4 frilled lizards
  8 rats
74 creatures vanquished.

Vanquished Creatures (others)
  A human (D:3)
1 creature vanquished.

Grand Total: 75 creatures vanquished

Notes
Turn   | Place    | Note
-------+----------+-------------------------------------------
     0 | D:1      | sahdkjhfkaj the Vampire Necromancer began the quest for the
                  | Orb.
     0 | D:1      | Reached XP level 1. HP: 13/13 MP: 3/3
   293 | D:1      | Reached XP level 2. HP: 11/15 MP: 3/5
   910 | D:2      | Noticed Jessica
   914 | D:2      | Killed Jessica
   915 | D:2      | Reached XP level 3. HP: 19/19 MP: 1/7
  1186 | D:2      | Found a blossoming altar of Fedhas.
  1186 | D:2      | Found a shimmering altar of Xom.
  1212 | D:2      | Reached skill level 5 in Necromancy
  1268 | D:2      | Reached XP level 4. HP: 24/24 MP: 6/9
  1306 | D:2      | Learned a level 3 spell: Vampiric Draining
  1390 | D:2      | HP: 1/27 [worm (4)]
  2658 | D:3      | Reached skill level 6 in Necromancy
  2739 | D:3      | Reached XP level 5. HP: 26/28 MP: 6/10
  2970 | D:3      | Found an ancient bone altar of Kikubaaqudgha.
  2971 | D:3      | Noticed a human
  2975 | D:3      | Killed a human
  3059 | D:3      | Became a worshipper of Kikubaaqudgha
  3607 | D:3      | Quit the game

Illustrated notes

Levels and vault maps discovered:
D:1:      minmay_arrival_open_corners, layout_rooms
D:2:      layout_loops_ring, gammafunk_temple_overflow_wave, uniq_jessica
D:3:      layout_basic, tgw_kikubaaqudgha
D:4:      layout_rooms, enter_ossuary_5, serial_shops, kennysheep_little_box,
          hex_intersection, st_stairs_3

Skill      XL: |  1  2  3  4 |
---------------+-------------+-----
Spellcasting   | 3 |  3.3
Necromancy     | 5 6 |  6.7
Fighting       | |  0.5
Dodging        | |  2.1
Stealth        | |  3.0
Unarmed Combat | |  0.7

Action                   |  1- 3 |  4- 6 || total
-------------------------+-------+-------++-------
Melee: Unarmed           |     5 |     6 ||    11
       Bite              |     1 |       ||     1
 Cast: Pain              |    43 |    91 ||   134
       Vampiric Draining |       |     6 ||     6
 Abil: Exsanguinate      |     1 |     1 ||     2
       Revivify          |       |     2 ||     2
  Use: Scroll            |     4 |     5 ||     9
 Stab: Distracted        |       |     1 ||     1
Armor: Robe              |       |     5 ||     5
Dodge: Dodged            |     5 |    13 ||    18

Table legend: (Time is in decaauts)
 A = Elapsed time spent in this place.
 B = Non-inter-level travel time spent in this place.
 C = Inter-level travel time spent in this place.
 D = Time resting spent in this place.
 E = Time spent auto-exploring this place.
 F = Levels seen in this place.
 G = Mean time per level.
                   A        B        C        D        E       F      G
               +--------+--------+--------+--------+--------+-----+--------+
         Total |   3606 |   3496 |    110 |   1052 |   1920 |   4 |  901.5 |
       Dungeon |   3606 |   3496 |    110 |   1052 |   1920 |   4 |  901.5 |
               +--------+--------+--------+--------+--------+-----+--------+

Top non-repeatable levels by time:
     D:2: 1674 daAuts
     D:3: 1036 daAuts
     D:1: 893 daAuts
     D:4: 2 daAuts
